 Dungeon Crawl Stone Soup version 0.27-a0-909-g0721f309d1 (webtiles) character file.

Game seed: 374386910168810825

139 DarkShadow the Skirmisher (level 5, -4/47 HPs)
             Began as a Minotaur Fighter on Apr 8, 2021.
             Slain by a gnoll
             ... wielding a +1 spear of flaming
              (7 damage)
             ... on level 3 of the Dungeon.
             The game lasted 00:05:19 (2199 turns).

DarkShadow the Skirmisher (Minotaur Fighter)        Turns: 2199, Time: 00:05:19

Health: -4/47      AC:  8    Str: 27    XL:     5   Next: 1%
Magic:  4/4        EV:  8    Int:  5    God:
Gold:   110        SH: 10    Dex: 10    Spells: 4/4 levels left

rFire    . . .     SeeInvis .   a - +0 long sword
rCold    . . .     Faith    .   c - +0 kite shield
rNeg     . . .     Spirit   .   b - +0 scale mail
rPois    .         Reflect  .   (helmet restricted)
rElec    .         Harm     .   (no cloak)
rCorr    .         Rampage  .   k - +0 pair of gloves
Will     .....                  (no boots)
Stlth    ..........             (no amulet)
HPRegen  0.15/turn              g - +6 ring of strength
MPRegen  0.09/turn              (no ring)

@: no status effects
A: horns 2, retaliatory headbutt
a: no special abilities


You were on level 3 of the Dungeon.
You visited 1 branch of the dungeon, and saw 3 of its levels.

You collected 110 gold pieces.

Inventory:

Hand Weapons
 a - a +0 long sword (weapon)
Armour
 b - a +0 scale mail (worn)
 c - a +0 kite shield (worn)
 e - a scarf of shadows
 k - a +0 pair of gloves (worn)
Jewellery
 g - a +6 ring of strength (left hand)
Potions
 d - 2 potions of might
 h - 2 potions of curing {unknown}
 i - a potion of heal wounds {unknown}
 j - a potion of haste {unknown}
 m - a potion of ambrosia {unknown}


   Skills:
 + Level 4.8 Fighting
 + Level 3.3 Long Blades
 + Level 4.6 Armour
 + Level 1.0 Dodging
 + Level 4.6 Shields


You had 4 spell levels left.
You didn't know any spells.
Your spell library contained the following spells:

 Spells                   Type           Power      Damage    Failure   Level
 Animate Skeleton         Necr           0%         N/A       99%         1
 Apportation              Tloc           0%         N/A       99%         1
 Corona                   Hex            0%         N/A       99%         1
 Summon Small Mammal      Summ           0%         N/A       99%         1


Dungeon Overview and Level Annotations

Branches:
Dungeon (3/15)

Altars:

Shops:
D:1 (((


Innate Abilities, Weirdness & Mutations

You have a pair of horns on your head.
You reflexively headbutt those who attack you in melee.


Message History

a +0 whip; 4 stones
Found a stone staircase leading up.
There is a stone staircase leading down here.
You now have 110 gold pieces (gained 13). 3 gnolls come into view.
A gnoll is wielding a +1 spear of flaming.
The gnoll shouts!
You block the gnoll's attack. The gnoll hits you but does no damage.
You barely miss the gnoll.
The gnoll hits you from afar with a +0 spear.
The gnoll hits you but does no damage.
The gnoll hits you from afar with a +0 spear.
The gnoll hits you but does no damage. You block the gnoll's attack. x2
You slash the gnoll!
The gnoll is severely wounded.
The gnoll hits you with a +0 flail! You block the gnoll's attack.
The gnoll hits you with a +0 spear. The gnoll hits you with a +0 flail.
You slash the gnoll!
You kill the gnoll!
The gnoll hits you with a +1 spear of flaming.
The gnoll burns you. The gnoll hits you with a +0 flail.
* * * LOW HITPOINT WARNING * * *
The gnoll hits you but does no damage. The gnoll hits you with a +0 flail.
* * * LOW HITPOINT WARNING * * *
The gnoll misses you.
Things that are here:
a +0 spear; a gnoll corpse The gnoll hits you with a +0 flail.
* * * LOW HITPOINT WARNING * * *
Found a ring mail.
You hit the gnoll. Your headbutt misses the gnoll.
The gnoll is moderately wounded.
The gnoll closely misses you. You furiously retaliate!
You headbutt the gnoll!
You kill the gnoll!
The gnoll hits you but does no damage.
You have reached level 5!
The gnoll hits you with a +1 spear of flaming!
You die...

#####....#.# ....
###......# .###........
#........##+###........
#........#.............
##........#.............
#.........#............
#....#....#.........####
#.........#.............
#.........)...g@.#
#.....####.......#
#....# ##......# #....
#......# .... #......#
## ####..... ##...[.
#.....


You could see a gnoll.

Vanquished Creatures
  A scorpion (D:2)
  2 gnolls (D:3)
  An adder (D:2)
  A worm (D:2)
  A dart slug (D:1)
  3 ball pythons
  2 bats
  8 endoplasms
  3 giant cockroaches
  4 goblins
  2 hobgoblins
  2 jackals (D:1)
  5 quokkas
  4 frilled lizards
  6 kobolds
  A rat (D:1)
46 creatures vanquished.

Notes
Turn   | Place    | Note
-------+----------+-------------------------------------------
     0 | D:1      | DarkShadow the Minotaur Fighter began the quest for the
                  | Orb.
     0 | D:1      | Reached XP level 1. HP: 19/19 MP: 0/0
    15 | D:1      | Found Vosup's Antique Weapon Shoppe.
   104 | D:1      | Found Quhios's Antique Weapon Emporium.
   105 | D:1      | Found Vovoistri's Antique Weapon Shoppe.
   239 | D:1      | Reached XP level 2. HP: 27/27 MP: 1/1
  1062 | D:2      | Reached XP level 3. HP: 33/33 MP: 2/2
  1079 | D:2      | Noticed a scorpion
  1091 | D:2      | Killed a scorpion
  1092 | D:2      | Reached XP level 4. HP: 18/41 MP: 3/3
  2162 | D:3      | Reached skill level 1 in Dodging
  2192 | D:3      | HP: 2/41 [gnoll/+0 flail (2)]
  2199 | D:3      | Reached XP level 5. HP: 3/47 MP: 4/4
  2199 | D:3      | Slain by a gnoll

Illustrated notes

Levels and vault maps discovered:
D:1:      saegor_arrival_simple_c, layout_basic, serial_shops, shop,
          nicolae_shop_behind_doors, shop
D:2:      layout_loops_corners, minmay_misc_feat_iff
D:3:      kennysheep_goblin_castle, layout_basic, nemelex_diamond_rough_becter,
          minmay_joined_circles

Skill      XL: |  1  2  3  4 |
---------------+-------------+-----
Armour         | 4 |  4.6
Fighting       | 4 |  4.8
Shields        | 4 |  4.6
Long Blades    | 3 |  3.3
Dodging        | 1 |  1.0

Action                   |  1- 3 |  4- 6 || total
-------------------------+-------+-------++-------
Melee: Long sword        |    43 |    37 ||    80
       Headbutt          |     8 |     3 ||    11
  Use: Scroll            |       |     2 ||     2
Armor: Scale mail        |    19 |    21 ||    40
Dodge: Dodged            |    13 |    13 ||    26
Block: Kite shield       |    25 |    19 ||    44
       Rpst.: Long sword |     6 |     4 ||    10

Table legend: (Time is in decaauts)
 A = Elapsed time spent in this place.
 B = Non-inter-level travel time spent in this place.
 C = Inter-level travel time spent in this place.
 D = Time resting spent in this place.
 E = Time spent auto-exploring this place.
 F = Levels seen in this place.
 G = Mean time per level.
                   A        B        C        D        E       F      G
               +--------+--------+--------+--------+--------+-----+--------+
         Total |   2235 |   2235 |      0 |    353 |   1360 |   3 |  745.0 |
       Dungeon |   2235 |   2235 |      0 |    353 |   1360 |   3 |  745.0 |
               +--------+--------+--------+--------+--------+-----+--------+

Top non-repeatable levels by time:
     D:2: 1294 daAuts
     D:1: 879 daAuts
     D:3: 61 daAuts
